 Dungeon Crawl Stone Soup version 0.31-a0-180-g519b7de00c (webtiles) character file.

Game seed: 13541633238880905577

766 pokeman the Magician (level 7, -1/39 HPs)
             Began as a Deep Elf Hedge Wizard on June 20, 2023.
             Was an Initiate of Vehumet.
             Shot with an arrow by a centaur (5 damage)
             ... on level 5 of the Dungeon.
             The game lasted 00:09:00 (5387 turns).

pokeman the Magician (Deep Elf Hedge Wizard)        Turns: 5387, Time: 00:09:01

Health: -1/39      AC:  5    Str:  7    XL:     7   Next: 52%
Magic:  26/28      EV: 13    Int: 21    God:    Vehumet [......]
Gold:   82         SH:  0    Dex: 14    Spells: 12/20 levels left

rFire   . . .        r - +8 war axe of Juragaec {flame, Will+ MP+9}
rCold   . . .        (no shield)
rNeg    . . .        b - +0 robe
rPois   .            t - +0 helmet
rElec   .            (no cloak)
rCorr   +            i - +1 pair of gloves
SInv    .            (no boots)
Will    +....        (no amulet)
Stlth   ++           k - ring of resist corrosion
HPRegen 0.26/turn    (no ring)
MPRegen 0.21/turn

%: no passive effects
@: no status effects
A: no striking features
a: Renounce Religion


You were on level 5 of the Dungeon.
You worshipped Vehumet.
Vehumet was noncommittal.
You visited 2 branches of the dungeon, and saw 6 of its levels.

You collected 251 gold pieces.
You spent 169 gold pieces at shops.

Inventory:

Hand Weapons
 m - a +2 scythe of venom
 r - the +8 war axe of Juragaec (weapon) {flame, Will+ MP+9}
   (You found it on level 5 of the Dungeon)

   MP:        It affects your magic capacity (+9).
   Will:      It increases your willpower.
Armour
 b - a +0 robe (worn)
 i - a +1 pair of gloves (worn)
 t - a +0 helmet (worn)
Jewellery
 k - a ring of resist corrosion (left hand)
Scrolls
 c - a scroll of torment {unknown}
 f - a scroll of immolation {unknown}
 g - a scroll of amnesia {unknown}
 h - 3 scrolls of poison {unknown}
 j - 3 scrolls of enchant weapon {unknown}
 o - a scroll of revelation {unknown}
 q - 5 scrolls of enchant armour {unknown}
 s - a scroll of identify {unknown}
Potions
 a - a potion of degeneration {unknown}
 d - 3 potions of magic
 e - a potion of attraction {unknown}
 l - a potion of lignification {unknown}
 n - 3 potions of heal wounds
 p - a potion of cancellation {unknown}
 u - a potion of brilliance {unknown}
 v - a potion of curing {unknown}


   Skills:
 + Level 1.7 Fighting
 - Level 1.0 Armour
 - Level 3.0 Dodging
 - Level 3.0 Stealth
 * Level 7.4 Spellcasting
 + Level 5.8 Conjurations
 + Level 2.1 Summonings
 - Level 1.1 Translocations
 - Level 1.2 Air Magic
 - Level 1.0 Poison Magic


You had 12 spell levels left.
You knew the following spells:

 Your Spells              Type           Power      Damage    Failure   Level
a - Magic Dart            Conj           100%       1d8       1%          1
b - Mephitic Cloud        Conj/Pois/Air  19%        N/A       9%          3
c - Call Imp              Summ           34%        N/A       5%          2
d - Blink                 Tloc           24%        N/A       9%          2

Your spell library contained the following spells:

 Spells                   Type           Power      Damage    Failure   Level
 Slow                     Hex            28%        N/A       9%          1
 Cigotuvi's Dreadful Rot  Necr/Pois/Air  20%        N/A       10%         2


Dungeon Overview and Level Annotations

Branches:
Dungeon (5/15)             Temple (1/1) D:4

Altars:
Ashenzari
Cheibriados
Dithmenos
Elyvilon
Fedhas
Gozag
Hepliaklqana
Kikubaaqudgha
Makhleb
Nemelex Xobeh
Okawaru
Qazlal
Ru
Sif Muna
Trog
Vehumet
Wu Jian
Xom
Yredelemnul
Zin
The Shining One

Shops:
D:3 !   D:5 *

Annotations:
D:5 Menkaure


Message History

Your magical contamination has completely faded away.
v - a yellow potion You now have 82 gold pieces (gained 11).
q - 5 scrolls labelled CUETOAHIMA (gained 1)
You see here a +0 scale mail.
j - 3 scrolls labelled LESTRE EXTE (gained 2)
You see here a +0 scale mail.
You open the door.
There is an open door here.
There is an open door here.
You open the door.
There is an open door here.
Found 13 gold pieces.
A centaur comes into view.
The centaur shouts!
The centaur wields a +0 shortbow.
The centaur shoots an arrow.
The arrow hits you!
An orc comes into view. It is wielding a +0 hand axe.
The orc shouts!
You hear a shout!
The centaur shoots an arrow.
The arrow hits you.
An orc comes into view. It is wielding a +0 falchion.
The centaur shoots an arrow.
The arrow hits you!
The centaur shoots an arrow.
The arrow misses you.
You hear a shout! x2
Casting: Mephitic Cloud (dangerous; 9% risk of failure)
Confirm with . or Enter, or press ? or * to list all spells.
A tiny devil pulls itself out of the air.
The centaur shoots an arrow.
The arrow hits you!
* * * LOW HITPOINT WARNING * * *
The centaur shoots an arrow.
The arrow hits you.
* * * LOW HITPOINT WARNING * * *
Casting: Call Imp (safe; 5% risk of failure)
Confirm with . or Enter, or press ? or * to list all spells.
Aiming: Mephitic Cloud (dangerous; 9% risk of failure)
Press: ? - help, Shift-Dir - straight line
Okay, then.
Unknown command.
Your cerulean imp barely misses the orc.
The centaur shoots an arrow.
The arrow hits you.
You die...

#....########.........######
#....'..................[...
#....########.....#########.
####.# #...#...#.## ##.
###'####...#...#..# ###..
...M...........#...##.# .....
....M..........#...##.# ......
.............^.#...##.. .......
........o.5...@#...####..[.....
.........o.....'...............
o!.............#########.......
...............# ###########
...c.......# #.........#
........#### #.#######.#
######### #.# #.# #.# #.# #.#
#.#


You could see a centaur, 2 orcs and a friendly cerulean imp (summoned).

Vanquished Creatures
  Sigmund (D:2)
  A black bear (D:5)
  A bullfrog (D:4)
  2 scorpions
  A hound (D:4)
  2 orc priests
  2 iguanas (D:5)
  3 orc wizards (D:5)
  3 adders
  2 worms
  3 dart slugs
  10 orcs
  6 bats
  8 endoplasms
  2 giant cockroaches
  5 goblins
  8 hobgoblins
  7 kobolds
  5 quokkas
  9 ball pythons
  2 frilled lizards
  5 rats
88 creatures vanquished.

Notes
Turn   | Place    | Note
-------+----------+-------------------------------------------
     0 | D:1      | pokeman the Deep Elf Hedge Wizard began the quest for the
                  | Orb.
     0 | D:1      | Reached XP level 1. HP: 10/10 MP: 7/7
    94 | D:1      | Noticed a water moccasin
    94 | D:1      | Noticed a wyvern
    94 | D:1      | Noticed a hound
    95 | D:1      | Noticed a scorpion
    95 | D:1      | Noticed a lindwurm
   213 | D:1      | Reached XP level 2. HP: 15/15 MP: 5/9
   945 | D:1      | Reached skill level 5 in Spellcasting
  1179 | D:1      | Reached XP level 3. HP: 20/20 MP: 7/11
  1183 | D:1      | Learned a level 3 spell: Mephitic Cloud
  1186 | D:1      | Learned a level 2 spell: Call Imp
  1189 | D:1      | Learned a level 2 spell: Blink
  1384 | D:2      | Reached skill level 1 in Armour
  1646 | D:2      | Reached skill level 1 in Fighting
  1848 | D:2      | Noticed Sigmund
  2315 | D:2      | Killed Sigmund
  2316 | D:2      | Reached skill level 5 in Conjurations
  2316 | D:2      | Reached XP level 4. HP: 25/25 MP: 8/13
  2316 | D:2      | Reached XP level 5. HP: 29/29 MP: 8/14
  2833 | D:3      | Reached XP level 6. HP: 34/34 MP: 14/16
  3175 | D:3      | Found Asatsuv's Distillery.
  3180 | D:3      | Bought a potion of heal wounds for 65 gold pieces
  3523 | D:4      | Reached skill level 6 in Spellcasting
  3638 | D:3      | Bought a potion of magic for 104 gold pieces
  4045 | D:4      | Found a staircase to the Ecumenical Temple.
  4057 | Temple   | Entered the Ecumenical Temple
  4312 | Temple   | Became a worshipper of Vehumet
  4386 | D:4      | Reached skill level 1 in Poison Magic
  4706 | D:5      | Entered Level 5 of the Dungeon
  4768 | D:5      | Identified the +8 war axe of Juragaec {flame, Will+ MP+9}
  4850 | D:5      | Reached skill level 1 in Air Magic
  4862 | D:5      | Reached XP level 7. HP: 38/38 MP: 19/19
  4940 | D:5      | Reached skill level 7 in Spellcasting
  5175 | D:5      | Found Fosysaaffu's General Store.
  5261 | D:5      | Noticed Menkaure
  5387 | D:5      | Shot with an arrow by a centaur

Illustrated notes

Levels and vault maps discovered:
D:1:      onia_arrival_zoo_common, layout_loops_ring, serial_forest,
          infiniplex_forest_lined_room_2, infiniplex_forest_corner_1,
          infiniplex_forest_clump_long, infiniplex_forest_clump_tiny,
          infiniplex_forest_clump_small, infiniplex_forest_clump_diagonal
D:2:      layout_basic, uniq_sigmund
D:3:      layout_basic, serial_shops, nicolae_shop_tiny_real_fake_doors
D:4:      layout_gridville, minmay_temple_entry_stoned_glass
D:5:      layout_basic, serial_shops, nicolae_shop_hallway_stairs, uniq_menkaure
Temple:   mainiacjoe_temple_starburst

Skill      XL: |  1  2  3  4  5  6  7 |
---------------+----------------------+-----
Spellcasting   | 5 6 7 |  7.4
Armour         | 1 |  1.0
Fighting       | 1 |  1.7
Conjurations   | 5 |  5.8
Stealth        | 3 |  3.0
Dodging        | 3 |  3.0
Poison Magic   | 1 |  1.0
Air Magic      | 1 |  1.2
Summonings     | 2 |  2.1
Translocations | |  1.1

Action                     |  1- 3 |  4- 6 |  7- 9 || total
---------------------------+-------+-------+-------++-------
  Melee: Dagger            |    10 |       |       ||    10
         Halberd           |       |    15 |       ||    15
         War axe           |       |     3 |    15 ||    18
         Punch             |       |       |     1 ||     1
   Cast: Magic Dart        |   103 |    53 |    16 ||   172
         Mephitic Cloud    |     2 |     7 |     8 ||    17
         Call Imp          |     1 |       |     1 ||     2
         Blink             |       |     1 |       ||     1
   Stab: Confused          |     2 |     4 |     1 ||     7
 Armour: Robe              |     8 |     7 |     6 ||    21
  Dodge: Dodged            |     8 |    18 |     8 ||    34

Table legend: (Time is in decaauts)
 A = Elapsed time spent in this place.
 B = Non-inter-level travel time spent in this place.
 C = Inter-level travel time spent in this place.
 D = Time resting spent in this place.
 E = Time spent auto-exploring this place.
 F = Levels seen in this place.
 G = Mean time per level.
                   A        B        C        D        E       F      G
               +--------+--------+--------+--------+--------+-----+--------+
         Total |   5401 |   5100 |    301 |    200 |   4246 |   6 |  900.2 |
       Dungeon |   5087 |   4844 |    243 |    200 |   4004 |   5 | 1017.4 |
        Temple |    314 |    256 |     58 |      0 |    242 |   1 |  314.0 |
               +--------+--------+--------+--------+--------+-----+--------+

Top non-repeatable levels by time:
     D:1: 1326 daAuts
     D:2: 1265 daAuts
     D:3: 1029 daAuts
     D:4: 777 daAuts
     D:5: 689 daAuts
  Temple: 314 daAuts
